Oilers vs Avalanche

Created - Sunday, January 04, 2015 at 02:25

Goals
1 2 3 T
Oilers 2 1 2 5
Avalanche 0 0 1 1
Shots
1 2 3 T
Oilers 9 11 8 28
Avalanche 8 2 16 26

1st period

1. Oilers , Kimmo Timonen 5 (Mikkel Boedker, Nicklas Backstrom) at 0:20
2. Oilers , Vladimir Sobotka 8 (Brayden McNabb) at 7:05

Penalties :
Troy Brouwer (Col) for Tripping (Minor) at 12:36, Braydon Coburn (Col) for Hooking (Minor) at 17:21

2nd period

3. Oilers , Nick Bonino 10 (Vladimir Sobotka, Andrej Sekera) at 2:36

Penalties :
Braydon Coburn (Col) for High sticking (Minor) at 2:59, Vladimir Sobotka (Edm) for Hooking (Minor) at 8:31, Tyler Kennedy (Col) for Holding (Minor) at 12:35

3rd period

4. Oilers , David Desharnais 9 (Kimmo Timonen) at 1:15 (PP)
5. Avalanche , Claude Giroux 13 (Troy Brouwer, Mike Ribeiro) at 1:41
6. Oilers , Andrew MacDonald 3 (Nicklas Backstrom, Shane Doan) at 6:15 (PP)

Penalties :
Braydon Coburn (Col) for Hooking (Minor) at 0:15, Joffrey Lupul (Col) for Hooking (Minor) at 6:11, Andrew MacDonald (Edm) for Elbowing (Minor) at 15:11

Goalie Stats

Roberto Luongo (Edm), 25 saves from 26 shots - (0.962), W, 19-2-4, 60:00 minutes
Semyon Varlamov (Col), 5 saves from 5 shots - (1.000), 13:45 minutes
Jack Campbell (Col), 18 saves from 23 shots - (0.783), L, 2-4-0, 46:15 minutes

Players Stats for Oilers

Player Name              G  A  P  +/- PIM S  H  SB GA TA FO     MP     PP MP  PK MP  
------------------------------------------------------------------------------------
Ales Hemsky              0  0  0   2  0   0  1  0  0  1  0/1    16:20   0:00   1:04 
Alexander Semin          0  0  0  -1  0   3  0  0  6  0  0/1    19:08   5:02   0:00 
Andrej Sekera            0  1  1   1  0   0  0  0  0  0  0/0    11:54   0:00   0:00 
Andrew Ladd              0  0  0  -1  0   4  7  0  3  1  0/0    19:53   4:57   0:12 
Andrew MacDonald         1  0  1   1  2   2  2  3  0  2  0/0    23:56   4:57   1:59 
Brayden McNabb           0  1  1   0  0   2  0  4  0  3  0/0    17:30   0:00   0:00 
Brayden Schenn           0  0  0   0  0   0  1  0  0  0  0/0     6:25   0:16   0:00 
Chris Stewart            0  0  0   0  0   1  0  0  0  0  0/0     6:03   0:00   0:00 
David Desharnais         1  0  1  -1  0   3  2  0  1  0  7/14   19:44   3:42   0:47 
David Schlemko           0  0  0   0  0   0  3  1  0  2  0/0    17:30   0:00   0:00 
Kimmo Timonen            1  1  2   1  0   2  2  7  0  2  0/0    25:01   4:03   3:58 
Mikkel Boedker           0  1  1   1  0   2  1  0  1  0  0/1    16:48   3:58   0:00 
Nick Bonino              1  0  1   2  0   4  2  0  2  0  1/1    18:43   3:58   0:12 
Nicklas Backstrom        0  2  2   1  0   1  0  1  1  0  8/20   23:30   5:02   2:42 
Ryan Wilson              0  0  0   0  0   0  0  0  0  0  0/0     0:00   0:00   0:00 
Scott Hannan             0  0  0   1  0   0  2  1  0  1  0/0    14:17   0:00   1:59 
Shane Doan               0  1  1   1  0   0  1  0  0  3  2/3    18:56   5:02   1:43 
Vladimir Sobotka         1  1  2   2  2   4  1  0  2  0  6/10   20:22   4:03   1:16 

Players Stats for Avalanche

Player Name              G  A  P  +/- PIM S  H  SB GA TA FO     MP     PP MP  PK MP  
------------------------------------------------------------------------------------
Benoit Pouliot           0  0  0   0  0   4  2  0  5  1  0/1    14:46   0:00   0:08 
Brad Stuart              0  0  0   0  0   1  1  2  0  0  0/0    20:30   1:33   2:52 
Braydon Coburn           0  0  0  -1  6   5  0  3  0  1  0/0    19:00   2:25   2:26 
Claude Giroux            1  0  1   0  0   2  0  0  1  0  3/8    20:53   2:14   0:00 
Clayton Stoner           0  0  0   0  0   1  0  2  0  2  0/0    18:57   0:00   2:52 
Daniel Briere            0  0  0   0  0   1  0  1  1  1  7/13   15:22   1:44   0:00 
Joffrey Lupul            0  0  0  -2  2   7  0  0  5  0  0/0    14:32   1:44   0:00 
Lars Eller               0  0  0  -2  0   2  1  0  0  3  11/15  20:59   1:44   6:20 
Mike Ribeiro             0  1  1   0  0   0  0  0  1  0  0/0    14:06   2:14   0:00 
Morgan Rielly            0  0  0  -1  0   2  0  0  0  2  0/0    17:59   1:33   3:10 
Rene Bourque             0  0  0   0  0   0  1  0  0  0  0/0    15:25   0:00   0:49 
Rostislav Klesla         0  0  0  -1  0   0  0  2  0  0  0/0    13:12   0:00   0:00 
Ryan McDonagh            0  0  0  -1  0   1  2  7  3  0  0/0    26:18   2:25   6:08 
T.J. Hensick             0  0  0   0  0   0  0  1  0  0  2/3     9:07   0:00   2:07 
Taylor Fedun             0  0  0   0  0   0  0  0  0  0  0/0     4:52   0:00   0:32 
Trevor Lewis             0  0  0  -2  0   0  2  1  1  1  4/10   19:51   0:00   6:45 
Troy Brouwer             0  1  1   0  2   0  0  1  1  1  0/1    16:54   2:14   1:51 
Tyler Kennedy            0  0  0   0  2   0  0  0  2  0  0/0     8:11   0:00   0:00 

3 Stars

1 - Kimmo Timonen (Edm)
2 - Roberto Luongo (Edm)
3 - Nick Bonino (Edm)

Power Play

Oilers - 2 on 6 Attempt(s) - 33.33%
Avalanche - 0 on 2 Attempt(s) - 0.00%

Penalty Kill

Oilers - 2 on 2 Attempt(s) - 100.00% - Score 0 goal in Penalty Kill
Avalanche - 4 on 6 Attempt(s) - 66.67% - Score 0 goal in Penalty Kill

Team Stat

Oilers - Hits : 25 - Faceoff Wins : 24 - Blocked Shots : 17 - Penalty Minutes : 4
Avalanche - Hits : 9 - Faceoff Wins : 27 - Blocked Shots : 20 - Penalty Minutes : 12

Official

Referees : Unknown
Linesman : Unknown

Game Notes

Semyon Varlamov enters game at 6:15 of 3rd period

Finance

Level 1 -- Attendance: 6000 (100.00%) -- Ticket Income $480,000
Level 2 -- Attendance: 5000 (100.00%) -- Ticket Income $250,000
Level 3 -- Attendance: 1803 (90.15%) -- Ticket Income $48,681
Level 4 -- Attendance: 3954 (98.85%) -- Ticket Income $67,218
Luxury Box -- Attendance: 1000 (100.00%) -- Ticket Income $151,000
Game was played at the Pepsi Center'
Total Attendance: 17757 (98.65%)
Total Ticket Income: $996,899
Other Income: $488,481
Total Income: $1,485,380

Oilers

5 vs 5 Forward 
   Center                   Left Wing                Right Wing               Time % Phy DF OF 
 1 Nicklas Backstrom        Mikkel Boedker           Shane Doan               37     0   1  4  
 2 David Desharnais         Andrew Ladd              Alexander Semin          33     0   1  4  
 3 Vladimir Sobotka         Nick Bonino              Ales Hemsky              25     0   2  3  
 4 Nicklas Backstrom        Brayden Schenn           Chris Stewart            5      1   2  2  

5 vs 5 Defense 
   Defense                  Defense                                           Time % Phy DF OF 
 1 Kimmo Timonen            Andrew MacDonald                                  45     1   4  0  
 2 David Schlemko           Brayden McNabb                                    35     1   4  0  
 3 Scott Hannan             Andrej Sekera                                     20     1   4  0  
 4 Kimmo Timonen            Andrew MacDonald                                  0      1   4  0  

PowerPlay Forward 
   Center                   Left Wing                Right Wing               Time % Phy DF OF 
 1 Nicklas Backstrom        Shane Doan               Alexander Semin          55     0   1  4  
 2 David Desharnais         Nick Bonino              Mikkel Boedker           45     0   1  4  

PowerPlay Defense
   Defense                  Defense                                           Time % Phy DF OF 
 1 Kimmo Timonen            Vladimir Sobotka                                  50     1   2  2  
 2 Andrew MacDonald         Andrew Ladd                                       50     1   2  2  

Penalty Kill 4 Players Forward 
   Center                   Wing                     Time % Phy DF OF 
 1 Vladimir Sobotka         Nicklas Backstrom        60     0   4  1  
 2 Nick Bonino              Andrew Ladd              40     0   4  1  

Penalty Kill 4 Players Defense
   Defense                  Defense                  Time % Phy DF OF 
 1 Kimmo Timonen            Andrew MacDonald         55     1   4  0  
 2 Scott Hannan             David Schlemko           45     1   4  0  

Penalty Kill - 3 Players Forward 
   Forward                                           Time % Phy DF OF 
 1 Vladimir Sobotka                                  55     0   5  0  
 2 Nicklas Backstrom                                 45     0   5  0  

Penalty Kill - 3 Players Defense
   Defense                  Defense                  Time % Phy DF OF 
 1 Kimmo Timonen            Andrew MacDonald         50     1   4  0  
 2 Scott Hannan             David Schlemko           50     1   4  0  

4 vs 4 Forward 
   Center                   Wing                     Time % Phy DF OF 
 1 Nicklas Backstrom        Shane Doan               60     0   1  4  
 2 Nick Bonino              Alexander Semin          40     0   1  4  

4 vs 4 Defense
   Defense                  Defense                  Time % Phy DF OF 
 1 Kimmo Timonen            Andrew MacDonald         50     1   4  0  
 2 David Schlemko           Brayden McNabb           50     1   4  0  

Last Minutes Offensive
   Center                   Left Wing                Right Wing               Defense                  Defense                  
   Nicklas Backstrom        Shane Doan               Alexander Semin          Kimmo Timonen            David Desharnais         

Last Minutes Defensive
   Center                   Left Wing                Right Wing               Defense                  Defense                  
   Vladimir Sobotka         Nicklas Backstrom        Andrew Ladd              Kimmo Timonen            Andrew MacDonald         

Goaltenders
Starting : Roberto Luongo           
Backup : Jean-Sebastien Giguere   

Extra Forwards
Normal : Shane Doan, Mikkel Boedker, Ales Hemsky - PP : Shane Doan, Alexander Semin - PK : Shane Doan
Extra Defensemen
Normal : Kimmo Timonen, Andrew MacDonald, Scott Hannan - PP : Kimmo Timonen - PK : Scott Hannan, Kimmo Timonen
Penalty Shots
David Desharnais, Nick Bonino, Andrew Ladd, Nicklas Backstrom, Ales Hemsky

Avalanche

5 vs 5 Forward 
   Center                   Left Wing                Right Wing               Time % Phy DF OF 
 1 Claude Giroux            Mike Ribeiro             Troy Brouwer             35     1   2  2  
 2 Lars Eller               Joffrey Lupul            Trevor Lewis             30     1   2  2  
 3 Daniel Briere            Benoit Pouliot           Rene Bourque             22     1   2  2  
 4 T.J. Hensick             Tyler Kennedy            Claude Giroux            13     1   2  2  

5 vs 5 Defense 
   Defense                  Defense                                           Time % Phy DF OF 
 1 Ryan McDonagh            Braydon Coburn                                    35     1   2  2  
 2 Brad Stuart              Clayton Stoner                                    30     1   2  2  
 3 Rostislav Klesla         Morgan Rielly                                     22     1   2  2  
 4 Taylor Fedun             Ryan McDonagh                                     13     1   2  2  

PowerPlay Forward 
   Center                   Left Wing                Right Wing               Time % Phy DF OF 
 1 Claude Giroux            Mike Ribeiro             Troy Brouwer             60     1   2  2  
 2 Lars Eller               Joffrey Lupul            Daniel Briere            40     1   2  2  

PowerPlay Defense
   Defense                  Defense                                           Time % Phy DF OF 
 1 Ryan McDonagh            Braydon Coburn                                    60     1   2  2  
 2 Brad Stuart              Morgan Rielly                                     40     1   2  2  

Penalty Kill 4 Players Forward 
   Center                   Wing                     Time % Phy DF OF 
 1 Trevor Lewis             Lars Eller               60     1   3  1  
 2 T.J. Hensick             Troy Brouwer             40     1   3  1  

Penalty Kill 4 Players Defense
   Defense                  Defense                  Time % Phy DF OF 
 1 Ryan McDonagh            Braydon Coburn           60     1   2  2  
 2 Brad Stuart              Clayton Stoner           40     1   2  2  

Penalty Kill - 3 Players Forward 
   Forward                                           Time % Phy DF OF 
 1 Trevor Lewis                                      60     1   2  2  
 2 T.J. Hensick                                      40     1   2  2  

Penalty Kill - 3 Players Defense
   Defense                  Defense                  Time % Phy DF OF 
 1 Ryan McDonagh            Braydon Coburn           60     1   2  2  
 2 Brad Stuart              Clayton Stoner           40     1   2  2  

4 vs 4 Forward 
   Center                   Wing                     Time % Phy DF OF 
 1 Claude Giroux            Troy Brouwer             60     1   2  2  
 2 Mike Ribeiro             Joffrey Lupul            40     1   2  2  

4 vs 4 Defense
   Defense                  Defense                  Time % Phy DF OF 
 1 Ryan McDonagh            Braydon Coburn           60     1   2  2  
 2 Brad Stuart              Clayton Stoner           40     1   2  2  

Last Minutes Offensive
   Center                   Left Wing                Right Wing               Defense                  Defense                  
   Claude Giroux            Mike Ribeiro             Troy Brouwer             Ryan McDonagh            Braydon Coburn           

Last Minutes Defensive
   Center                   Left Wing                Right Wing               Defense                  Defense                  
   Claude Giroux            Mike Ribeiro             Troy Brouwer             Ryan McDonagh            Braydon Coburn           

Goaltenders
Starting : Jack Campbell            
Backup : Semyon Varlamov          

Extra Forwards
Normal : Benoit Pouliot, Daniel Briere, Rene Bourque - PP : Benoit Pouliot, Daniel Briere - PK : Rene Bourque
Extra Defensemen
Normal : Rostislav Klesla, Morgan Rielly, Taylor Fedun - PP : Rostislav Klesla - PK : Morgan Rielly, Taylor Fedun
Penalty Shots
Claude Giroux, Troy Brouwer, Mike Ribeiro, Joffrey Lupul, Lars Eller

% Time on Ice - Oilers

Lines # - Real PCT - Wanted PCT - Time Play
Normal Forward
1 - 26% - 37% - 12:20
2 - 32% - 33% - 15:12
3 - 29% - 25% - 13:27
4 - 13% - 5% - 6:03
Normal Defense
1 - 36% - 45% - 17:00
2 - 39% - 35% - 18:08
3 - 25% - 20% - 11:54
4 - 0% - 0% - 0:00
PP Forward
1 - 56% - 55% - 5:02
2 - 44% - 45% - 3:58
PP Defense
1 - 45% - 50% - 4:03
2 - 55% - 50% - 4:57
PK Forward
1 - 95% - 60% - 3:46
2 - 5% - 40% - 0:12
PK Defense
1 - 100% - 55% - 3:58
2 - 0% - 45% - 0:00
PK3 Forward
1 - 0% - 55%
2 - 0% - 45%
PK3 Defense
1 - 0% - 50%
2 - 0% - 50%
44 Forward
1 - 0% - 60%
2 - 0% - 40%
44 Defense
1 - 0% - 50%
2 - 0% - 50%
Last Minute Offensive  - 0:00
Last Minute Defensive  - 0:00
Total
Forward - 60:00
Defense - 60:00

% Time on Ice - Avalanche

Lines # - Real PCT - Wanted PCT - Time Play
Normal Forward
1 - 30% - 35% - 14:01
2 - 28% - 30% - 13:02
3 - 28% - 22% - 13:12
4 - 14% - 13% - 6:47
Normal Defense
1 - 29% - 35% - 13:25
2 - 34% - 30% - 16:05
3 - 28% - 22% - 13:12
4 - 9% - 13% - 4:20
PP Forward
1 - 56% - 60% - 2:14
2 - 44% - 40% - 1:44
PP Defense
1 - 61% - 60% - 2:25
2 - 39% - 40% - 1:33
PK Forward
1 - 76% - 60% - 6:53
2 - 24% - 40% - 2:07
PK Defense
1 - 68% - 60% - 6:08
2 - 32% - 40% - 2:52
PK3 Forward
1 - 0% - 60%
2 - 0% - 40%
PK3 Defense
1 - 0% - 60%
2 - 0% - 40%
44 Forward
1 - 0% - 60%
2 - 0% - 40%
44 Defense
1 - 0% - 60%
2 - 0% - 40%
Last Minute Offensive  - 0:00
Last Minute Defensive  - 0:00
Total
Forward - 60:00
Defense - 60:00

Play by Play

1st period


0:01 of 1st period - Nicklas Backstrom wins face-off versus Claude Giroux in neutral zone.
0:08 of 1st period - Wrist shot by Troy Brouwer.
0:08 of 1st period - Shot Misses the Net.
0:16 of 1st period - Snap shot by Mikkel Boedker.
0:16 of 1st period - Stopped by Jack Campbell with a rebound.
0:18 of 1st period - Slapshot by Kimmo Timonen.
0:18 of 1st period - Shot Blocked by Ryan McDonagh.
0:20 of 1st period - Slapshot by Kimmo Timonen.
0:20 of 1st period - Goal by Kimmo Timonen - Oilers : 1 - Avalanche : 0.
0:21 of 1st period - David Desharnais wins face-off versus Lars Eller in neutral zone.
0:42 of 1st period - Snap shot by Joffrey Lupul.
0:42 of 1st period - Stopped by Roberto Luongo with a rebound.
0:50 of 1st period - Slapshot by Joffrey Lupul.
0:50 of 1st period - Stopped by Roberto Luongo with a rebound.
0:52 of 1st period - Snap shot by Trevor Lewis.
0:52 of 1st period - Deflect By Joffrey Lupul.
0:52 of 1st period - Shot Blocked by Brayden McNabb.
0:52 of 1st period - Puck is out of play.
0:53 of 1st period - Daniel Briere wins face-off versus Vladimir Sobotka in Oilers zone.
1:04 of 1st period - Andrej Sekera is hit by Benoit Pouliot and loses puck.
2:57 of 1st period - Taylor Fedun is hit by Andrew Ladd and loses puck.
3:18 of 1st period - Ryan McDonagh is hit by Andrew Ladd.
3:57 of 1st period - Nick Bonino is hit by Ryan McDonagh and loses puck.
4:08 of 1st period - Slapshot by Nick Bonino.
4:08 of 1st period - Shot Misses the Net.
5:26 of 1st period - Wrist shot by Daniel Briere.
5:26 of 1st period - Stopped by Roberto Luongo without a rebound.
5:27 of 1st period - Vladimir Sobotka wins face-off versus Daniel Briere in Oilers zone.
5:44 of 1st period - Snap shot by Nick Bonino.
5:44 of 1st period - Stopped by Jack Campbell with a rebound.
5:46 of 1st period - Slapshot by Kimmo Timonen.
5:46 of 1st period - Shot Blocked by Ryan McDonagh.
6:07 of 1st period - Snap shot by Claude Giroux.
6:07 of 1st period - Shot Misses the Net.
6:09 of 1st period - Slapshot by Troy Brouwer.
6:09 of 1st period - Shot Blocked by Andrew MacDonald.
6:15 of 1st period - Brad Stuart is hit by Andrew Ladd and loses puck.
6:34 of 1st period - Wrist shot by Claude Giroux.
6:34 of 1st period - Shot Misses the Net.
6:36 of 1st period - Snap shot by Morgan Rielly.
6:36 of 1st period - Stopped by Roberto Luongo with a rebound.
6:38 of 1st period - Slapshot by T.J. Hensick.
6:38 of 1st period - Deflect By Claude Giroux.
6:38 of 1st period - Shot Misses the Net.
6:38 of 1st period - Puck is out of play.
6:39 of 1st period - T.J. Hensick wins face-off versus Nicklas Backstrom in Oilers zone.
7:05 of 1st period - Slapshot by Vladimir Sobotka.
7:05 of 1st period - Goal by Vladimir Sobotka - Oilers : 2 - Avalanche : 0.
7:06 of 1st period - Lars Eller wins face-off versus Alexander Semin in neutral zone.
7:11 of 1st period - Wrist shot by Joffrey Lupul.
7:11 of 1st period - Stopped by Roberto Luongo with a rebound.
7:19 of 1st period - Snap shot by David Desharnais.
7:19 of 1st period - Stopped by Jack Campbell with a rebound.
7:21 of 1st period - Slapshot by David Schlemko.
7:21 of 1st period - Shot Misses the Net.
7:29 of 1st period - Wrist shot by David Desharnais.
7:29 of 1st period - Stopped by Jack Campbell with a rebound.
7:31 of 1st period - Wrist shot by David Desharnais.
7:31 of 1st period - Shot Misses the Net.
7:33 of 1st period - Wrist shot by David Schlemko.
7:33 of 1st period - Shot Blocked by Trevor Lewis.
7:35 of 1st period - Slapshot by Brayden McNabb.
7:35 of 1st period - Shot Misses the Net.
7:37 of 1st period - Slapshot by David Schlemko.
7:37 of 1st period - Deflect By Andrew Ladd.
7:37 of 1st period - Shot Blocked by Braydon Coburn.
7:37 of 1st period - Puck is out of play.
7:38 of 1st period - Vladimir Sobotka wins face-off versus Daniel Briere in Avalanche zone.
7:45 of 1st period - Slapshot by Ales Hemsky.
7:45 of 1st period - Shot Blocked by Brad Stuart.
7:47 of 1st period - Slapshot by Andrew MacDonald.
7:47 of 1st period - Stopped by Jack Campbell with a rebound.
7:49 of 1st period - Wrist shot by Vladimir Sobotka.
7:49 of 1st period - Stopped by Jack Campbell with a rebound.
7:51 of 1st period - Slapshot by Kimmo Timonen.
7:51 of 1st period - Stopped by Jack Campbell without a rebound.
7:52 of 1st period - Daniel Briere wins face-off versus Ales Hemsky in Avalanche zone.
7:54 of 1st period - Icing by Benoit Pouliot.
7:55 of 1st period - Daniel Briere wins face-off versus Vladimir Sobotka in Avalanche zone.
8:04 of 1st period - Snap shot by Nick Bonino.
8:04 of 1st period - Shot Misses the Net.
8:06 of 1st period - Slapshot by Kimmo Timonen.
8:06 of 1st period - Shot Blocked by Clayton Stoner.
8:48 of 1st period - Icing by Kimmo Timonen.
8:49 of 1st period - Claude Giroux wins face-off versus Nicklas Backstrom in Oilers zone.
9:40 of 1st period - Wrist shot by Joffrey Lupul.
9:40 of 1st period - Stopped by Roberto Luongo with a rebound.
9:42 of 1st period - Slapshot by Morgan Rielly.
9:42 of 1st period - Deflect By Brayden McNabb.
9:42 of 1st period - Stopped by Roberto Luongo without a rebound.
9:43 of 1st period - David Desharnais wins face-off versus Lars Eller in Oilers zone.
9:43 of 1st period - David Desharnais is hit by Lars Eller.
9:53 of 1st period - Rostislav Klesla is hit by David Schlemko and loses puck.
10:02 of 1st period - Slapshot by Joffrey Lupul.
10:02 of 1st period - Shot Blocked by David Schlemko.
10:50 of 1st period - Ryan McDonagh is hit by Ales Hemsky.
10:51 of 1st period - Icing by Ryan McDonagh.
10:52 of 1st period - Daniel Briere wins face-off versus Nicklas Backstrom in Avalanche zone.
11:07 of 1st period - Snap shot by Mikkel Boedker.
11:07 of 1st period - Shot Misses the Net.
12:36 of 1st period - Minor Penalty to Troy Brouwer for Tripping.
12:37 of 1st period - Trevor Lewis wins face-off versus Nicklas Backstrom in Avalanche zone.
13:13 of 1st period - Icing by Nicklas Backstrom.
13:14 of 1st period - David Desharnais wins face-off versus Trevor Lewis in Oilers zone.
14:02 of 1st period - Shane Doan is hit by Brad Stuart and loses puck.
14:18 of 1st period - Trevor Lewis is hit by Andrew Ladd and loses puck.
14:36 of 1st period - Penalty to Troy Brouwer is over, Troy Brouwer is back on ice.
17:19 of 1st period - Wrist shot by Vladimir Sobotka.
17:19 of 1st period - Shot Misses the Net.
17:21 of 1st period - Minor Penalty to Braydon Coburn for Hooking.
17:22 of 1st period - Nicklas Backstrom wins face-off versus Trevor Lewis in Avalanche zone.
17:23 of 1st period - Snap shot by Alexander Semin.
17:23 of 1st period - Shot Blocked by Ryan McDonagh.
18:07 of 1st period - Slapshot by Ryan McDonagh.
18:07 of 1st period - Stopped by Roberto Luongo with a rebound.
18:09 of 1st period - Snap shot by Ryan McDonagh.
18:09 of 1st period - Shot Blocked by Kimmo Timonen.
18:59 of 1st period - Brad Stuart is hit by Andrew MacDonald and loses puck.
19:21 of 1st period - Penalty to Braydon Coburn is over, Braydon Coburn is back on ice.
19:32 of 1st period - Slapshot by Morgan Rielly.
19:32 of 1st period - Shot Misses the Net.
19:54 of 1st period - David Schlemko is hit by Benoit Pouliot and loses puck.
Goals for this period are 2 for Oilers vs 0 for Avalanche.
Shots for this period are 9 for Oilers vs 8 for Avalanche.

2nd period


0:01 of 2nd period - Lars Eller wins face-off versus Nicklas Backstrom in neutral zone.
0:08 of 2nd period - Snap shot by Ryan McDonagh.
0:08 of 2nd period - Deflect By Joffrey Lupul.
0:08 of 2nd period - Stopped by Roberto Luongo with a rebound.
0:30 of 2nd period - Snap shot by Joffrey Lupul.
0:30 of 2nd period - Shot Blocked by Nicklas Backstrom.
0:32 of 2nd period - Slapshot by Braydon Coburn.
0:32 of 2nd period - Shot Misses the Net.
0:34 of 2nd period - Snap shot by Trevor Lewis.
0:34 of 2nd period - Shot Blocked by Kimmo Timonen.
0:36 of 2nd period - Slapshot by Ryan McDonagh.
0:36 of 2nd period - Shot Blocked by Kimmo Timonen.
0:38 of 2nd period - Slapshot by Braydon Coburn.
0:38 of 2nd period - Shot Misses the Net.
1:00 of 2nd period - Wrist shot by Claude Giroux.
1:00 of 2nd period - Shot Misses the Net.
1:37 of 2nd period - Slapshot by Alexander Semin.
1:37 of 2nd period - Stopped by Jack Campbell without a rebound.
1:38 of 2nd period - David Desharnais wins face-off versus Benoit Pouliot in Avalanche zone.
1:39 of 2nd period - Snap shot by Andrew Ladd.
1:39 of 2nd period - Stopped by Jack Campbell with a rebound.
2:20 of 2nd period - Snap shot by Vladimir Sobotka.
2:20 of 2nd period - Shot Blocked by Rostislav Klesla.
2:22 of 2nd period - Wrist shot by Nick Bonino.
2:22 of 2nd period - Stopped by Jack Campbell with a rebound.
2:24 of 2nd period - Snap shot by Vladimir Sobotka.
2:24 of 2nd period - Shot Misses the Net.
2:32 of 2nd period - Slapshot by Vladimir Sobotka.
2:32 of 2nd period - Shot Misses the Net.
2:34 of 2nd period - Wrist shot by Nick Bonino.
2:34 of 2nd period - Stopped by Jack Campbell with a rebound.
2:36 of 2nd period - Snap shot by Nick Bonino.
2:36 of 2nd period - Goal by Nick Bonino - Oilers : 3 - Avalanche : 0.
2:37 of 2nd period - Vladimir Sobotka wins face-off versus Claude Giroux in neutral zone.
2:59 of 2nd period - Minor Penalty to Braydon Coburn for High sticking.
3:00 of 2nd period - Trevor Lewis wins face-off versus Nicklas Backstrom in Avalanche zone.
3:06 of 2nd period - Andrew Ladd is hit by Trevor Lewis.
3:07 of 2nd period - Icing by Andrew Ladd.
3:08 of 2nd period - Trevor Lewis wins face-off versus Nicklas Backstrom in Oilers zone.
3:09 of 2nd period - Snap shot by Lars Eller.
3:09 of 2nd period - Stopped by Roberto Luongo without a rebound.
3:10 of 2nd period - Nicklas Backstrom wins face-off versus Trevor Lewis in Oilers zone.
3:37 of 2nd period - Slapshot by Alexander Semin.
3:37 of 2nd period - Stopped by Jack Campbell without a rebound.
3:38 of 2nd period - Trevor Lewis wins face-off versus David Desharnais in Avalanche zone.
3:47 of 2nd period - Slapshot by Nick Bonino.
3:47 of 2nd period - Shot Blocked by Ryan McDonagh.
3:49 of 2nd period - Wrist shot by Mikkel Boedker.
3:49 of 2nd period - Stopped by Jack Campbell with a rebound.
4:05 of 2nd period - Ryan McDonagh is hit by Kimmo Timonen and loses puck.
4:30 of 2nd period - Troy Brouwer is hit by Kimmo Timonen and loses puck.
4:59 of 2nd period - Penalty to Braydon Coburn is over, Braydon Coburn is back on ice.
5:09 of 2nd period - Slapshot by Mikkel Boedker.
5:09 of 2nd period - Shot Misses the Net.
5:11 of 2nd period - Wrist shot by Nick Bonino.
5:11 of 2nd period - Deflect By David Desharnais.
5:11 of 2nd period - Shot Blocked by T.J. Hensick.
5:11 of 2nd period - Puck is out of play.
5:12 of 2nd period - Daniel Briere wins face-off versus David Desharnais in Avalanche zone.
5:12 of 2nd period - Daniel Briere is hit by Nick Bonino.
5:37 of 2nd period - Snap shot by Nicklas Backstrom.
5:37 of 2nd period - Shot Blocked by Braydon Coburn.
7:36 of 2nd period - Wrist shot by Nicklas Backstrom.
7:36 of 2nd period - Stopped by Jack Campbell with a rebound.
8:31 of 2nd period - Minor Penalty to Vladimir Sobotka for Hooking.
8:32 of 2nd period - Shane Doan wins face-off versus Claude Giroux in Oilers zone.
9:50 of 2nd period - Brad Stuart is hit by David Desharnais and loses puck.
10:31 of 2nd period - Penalty to Vladimir Sobotka is over, Vladimir Sobotka is back on ice.
10:35 of 2nd period - Wrist shot by Lars Eller.
10:35 of 2nd period - Shot Blocked by Andrew MacDonald.
10:37 of 2nd period - Slapshot by Clayton Stoner.
10:37 of 2nd period - Shot Misses the Net.
10:39 of 2nd period - Slapshot by Brad Stuart.
10:39 of 2nd period - Deflect By Joffrey Lupul.
10:39 of 2nd period - Shot Blocked by Kimmo Timonen.
10:39 of 2nd period - Puck is out of play.
10:40 of 2nd period - Lars Eller wins face-off versus David Desharnais in Oilers zone.
11:31 of 2nd period - Rostislav Klesla is hit by Brayden Schenn and loses puck.
12:20 of 2nd period - Snap shot by Shane Doan.
12:20 of 2nd period - Shot Blocked by Rostislav Klesla.
12:35 of 2nd period - Minor Penalty to Tyler Kennedy for Holding.
12:36 of 2nd period - Nicklas Backstrom wins face-off versus Trevor Lewis in Avalanche zone.
12:48 of 2nd period - Wrist shot by Shane Doan.
12:48 of 2nd period - Shot Blocked by Ryan McDonagh.
12:50 of 2nd period - Snap shot by Andrew Ladd.
12:50 of 2nd period - Shot Blocked by Ryan McDonagh.
12:52 of 2nd period - Wrist shot by Andrew MacDonald.
12:52 of 2nd period - Shot Misses the Net.
13:11 of 2nd period - Ryan McDonagh is hit by Mikkel Boedker and loses puck.
13:49 of 2nd period - Slapshot by Brad Stuart.
13:49 of 2nd period - Shot Blocked by Kimmo Timonen.
14:31 of 2nd period - Wrist shot by Mikkel Boedker.
14:31 of 2nd period - Shot Misses the Net.
14:35 of 2nd period - Penalty to Tyler Kennedy is over, Tyler Kennedy is back on ice.
15:17 of 2nd period - Snap shot by Chris Stewart.
15:17 of 2nd period - Shot Blocked by Brad Stuart.
15:23 of 2nd period - Backhand shot by Brayden Schenn.
15:23 of 2nd period - Shot Misses the Net.
15:25 of 2nd period - Slapshot by David Schlemko.
15:25 of 2nd period - Shot Blocked by Clayton Stoner.
15:27 of 2nd period - Slapshot by Brayden McNabb.
15:27 of 2nd period - Stopped by Jack Campbell with a rebound.
15:37 of 2nd period - Trevor Lewis is hit by Andrew Ladd and loses puck.
15:42 of 2nd period - Snap shot by Andrew Ladd.
15:42 of 2nd period - Stopped by Jack Campbell with a rebound.
16:37 of 2nd period - Ryan McDonagh is hit by Scott Hannan and loses puck.
17:00 of 2nd period - Slapshot by Chris Stewart.
17:00 of 2nd period - Stopped by Jack Campbell with a rebound.
17:13 of 2nd period - Icing by Brayden McNabb.
17:14 of 2nd period - T.J. Hensick wins face-off versus David Desharnais in Oilers zone.
17:15 of 2nd period - Wrist shot by Claude Giroux.
17:15 of 2nd period - Shot Misses the Net.
17:17 of 2nd period - Wrist shot by T.J. Hensick.
17:17 of 2nd period - Shot Misses the Net.
19:18 of 2nd period - Troy Brouwer is hit by Andrew Ladd and loses puck.
19:47 of 2nd period - Slapshot by Nick Bonino.
19:47 of 2nd period - Shot Blocked by Troy Brouwer.
Goals for this period are 1 for Oilers vs 0 for Avalanche.
Shots for this period are 11 for Oilers vs 2 for Avalanche.

3rd period


0:01 of 3rd period - Lars Eller wins face-off versus Nicklas Backstrom in neutral zone.
0:15 of 3rd period - Minor Penalty to Braydon Coburn for Hooking.
0:16 of 3rd period - Nicklas Backstrom wins face-off versus Trevor Lewis in Avalanche zone.
1:10 of 3rd period - Lars Eller is hit by Nick Bonino and loses puck.
1:15 of 3rd period - Snap shot by David Desharnais.
1:15 of 3rd period - Goal by David Desharnais - Oilers : 4 - Avalanche : 0.
1:16 of 3rd period - Claude Giroux wins face-off versus David Desharnais in neutral zone.
1:19 of 3rd period - Snap shot by Troy Brouwer.
1:19 of 3rd period - Shot Misses the Net.
1:41 of 3rd period - Wrist shot by Claude Giroux.
1:41 of 3rd period - Goal by Claude Giroux - Oilers : 4 - Avalanche : 1.
1:42 of 3rd period - Nicklas Backstrom wins face-off versus Claude Giroux in neutral zone.
3:36 of 3rd period - Wrist shot by Benoit Pouliot.
3:36 of 3rd period - Shot Misses the Net.
3:38 of 3rd period - Snap shot by Benoit Pouliot.
3:38 of 3rd period - Deflect By Ales Hemsky.
3:38 of 3rd period - Stopped by Roberto Luongo with a rebound.
3:40 of 3rd period - Wrist shot by Benoit Pouliot.
3:40 of 3rd period - Stopped by Roberto Luongo without a rebound.
3:41 of 3rd period - Nicklas Backstrom wins face-off versus T.J. Hensick in Oilers zone.
4:14 of 3rd period - Wrist shot by Chris Stewart.
4:14 of 3rd period - Shot Misses the Net.
4:30 of 3rd period - Slapshot by Alexander Semin.
4:30 of 3rd period - Shot Misses the Net.
4:32 of 3rd period - Snap shot by Andrew Ladd.
4:32 of 3rd period - Stopped by Jack Campbell with a rebound.
4:46 of 3rd period - T.J. Hensick is hit by David Schlemko and loses puck.
5:28 of 3rd period - Slapshot by Ryan McDonagh.
5:28 of 3rd period - Shot Misses the Net.
5:30 of 3rd period - Slapshot by Braydon Coburn.
5:30 of 3rd period - Shot Misses the Net.
5:32 of 3rd period - Slapshot by Braydon Coburn.
5:32 of 3rd period - Deflect By Benoit Pouliot.
5:32 of 3rd period - Stopped by Roberto Luongo with a rebound.
5:55 of 3rd period - Off-side.
5:56 of 3rd period - Lars Eller wins face-off versus Nicklas Backstrom in neutral zone.
6:01 of 3rd period - Scott Hannan is hit by Trevor Lewis and loses puck.
6:11 of 3rd period - Minor Penalty to Joffrey Lupul for Hooking.
6:12 of 3rd period - Shane Doan wins face-off versus Trevor Lewis in Avalanche zone.
6:13 of 3rd period - Wrist shot by Nicklas Backstrom.
6:13 of 3rd period - Shot Blocked by Braydon Coburn.
6:15 of 3rd period - Slapshot by Andrew MacDonald.
6:15 of 3rd period - Goal by Andrew MacDonald - Oilers : 5 - Avalanche : 1.
6:15 of 3rd period - Semyon Varlamov enters game.
6:16 of 3rd period - Lars Eller wins face-off versus Shane Doan in neutral zone.
6:34 of 3rd period - Snap shot by Joffrey Lupul.
6:34 of 3rd period - Stopped by Roberto Luongo with a rebound.
6:36 of 3rd period - Slapshot by Braydon Coburn.
6:36 of 3rd period - Stopped by Roberto Luongo without a rebound.
6:37 of 3rd period - Claude Giroux wins face-off versus David Desharnais in Oilers zone.
6:44 of 3rd period - Snap shot by Alexander Semin.
6:44 of 3rd period - Stopped by Semyon Varlamov with a rebound.
7:12 of 3rd period - Snap shot by Mike Ribeiro.
7:12 of 3rd period - Shot Blocked by Brayden McNabb.
7:14 of 3rd period - Slapshot by Brad Stuart.
7:14 of 3rd period - Stopped by Roberto Luongo with a rebound.
9:57 of 3rd period - Ryan McDonagh is hit by David Desharnais and loses puck.
10:33 of 3rd period - Daniel Briere is hit by Scott Hannan and loses puck.
11:13 of 3rd period - Off-side.
11:14 of 3rd period - Lars Eller wins face-off versus Nicklas Backstrom in neutral zone.
11:17 of 3rd period - Backhand shot by Joffrey Lupul.
11:17 of 3rd period - Deflect By Lars Eller.
11:17 of 3rd period - Shot Misses the Net.
11:17 of 3rd period - Puck is out of play.
11:18 of 3rd period - Lars Eller wins face-off versus Nicklas Backstrom in Oilers zone.
11:38 of 3rd period - Snap shot by Lars Eller.
11:38 of 3rd period - Stopped by Roberto Luongo with a rebound.
11:46 of 3rd period - Trevor Lewis is hit by Shane Doan and loses puck.
12:16 of 3rd period - Brad Stuart is hit by David Schlemko and loses puck.
12:23 of 3rd period - Snap shot by Alexander Semin.
12:23 of 3rd period - Deflect By Andrew Ladd.
12:23 of 3rd period - Stopped by Semyon Varlamov without a rebound.
12:24 of 3rd period - Daniel Briere wins face-off versus Vladimir Sobotka in Avalanche zone.
12:31 of 3rd period - Wrist shot by Vladimir Sobotka.
12:31 of 3rd period - Stopped by Semyon Varlamov with a rebound.
12:33 of 3rd period - Slapshot by Andrew MacDonald.
12:33 of 3rd period - Deflect By Nick Bonino.
12:33 of 3rd period - Shot Misses the Net.
12:33 of 3rd period - Puck is out of play.
12:34 of 3rd period - Vladimir Sobotka wins face-off versus Daniel Briere in Avalanche zone.
12:49 of 3rd period - Snap shot by Ales Hemsky.
12:49 of 3rd period - Deflect By Braydon Coburn.
12:49 of 3rd period - Shot Blocked by Ryan McDonagh.
12:49 of 3rd period - Puck is out of play.
12:50 of 3rd period - David Desharnais wins face-off versus Lars Eller in Avalanche zone.
13:23 of 3rd period - Snap shot by Lars Eller.
13:23 of 3rd period - Shot Misses the Net.
13:25 of 3rd period - Slapshot by Braydon Coburn.
13:25 of 3rd period - Stopped by Roberto Luongo without a rebound.
13:26 of 3rd period - Vladimir Sobotka wins face-off versus Daniel Briere in Oilers zone.
13:37 of 3rd period - Snap shot by Benoit Pouliot.
13:37 of 3rd period - Stopped by Roberto Luongo with a rebound.
13:39 of 3rd period - Slapshot by Clayton Stoner.
13:39 of 3rd period - Stopped by Roberto Luongo without a rebound.
13:40 of 3rd period - Nick Bonino wins face-off versus Daniel Briere in Oilers zone.
13:40 of 3rd period - Nick Bonino is hit by Rene Bourque.
14:46 of 3rd period - Snap shot by Claude Giroux.
14:46 of 3rd period - Shot Blocked by Brayden McNabb.
14:48 of 3rd period - Wrist shot by Claude Giroux.
14:48 of 3rd period - Stopped by Roberto Luongo without a rebound.
14:49 of 3rd period - Lars Eller wins face-off versus Mikkel Boedker in Oilers zone.
14:50 of 3rd period - Backhand shot by Joffrey Lupul.
14:50 of 3rd period - Deflect By Lars Eller.
14:50 of 3rd period - Shot Misses the Net.
14:50 of 3rd period - Puck is out of play.
14:51 of 3rd period - Lars Eller wins face-off versus Nicklas Backstrom in Oilers zone.
15:04 of 3rd period - Slapshot by Lars Eller.
15:04 of 3rd period - Shot Blocked by Andrew MacDonald.
15:06 of 3rd period - Snap shot by Trevor Lewis.
15:06 of 3rd period - Shot Misses the Net.
15:08 of 3rd period - Slapshot by Braydon Coburn.
15:08 of 3rd period - Stopped by Roberto Luongo without a rebound.
15:09 of 3rd period - Nicklas Backstrom wins face-off versus Lars Eller in Oilers zone.
15:11 of 3rd period - Minor Penalty to Andrew MacDonald for Elbowing.
15:12 of 3rd period - Vladimir Sobotka wins face-off versus Claude Giroux in Oilers zone.
16:00 of 3rd period - Wrist shot by Joffrey Lupul.
16:00 of 3rd period - Shot Misses the Net.
16:02 of 3rd period - Slapshot by Braydon Coburn.
16:02 of 3rd period - Shot Blocked by Kimmo Timonen.
16:04 of 3rd period - Slapshot by Brad Stuart.
16:04 of 3rd period - Shot Misses the Net.
16:06 of 3rd period - Slapshot by Brad Stuart.
16:06 of 3rd period - Shot Misses the Net.
16:18 of 3rd period - Wrist shot by Joffrey Lupul.
16:18 of 3rd period - Shot Blocked by Kimmo Timonen.
16:20 of 3rd period - Slapshot by Morgan Rielly.
16:20 of 3rd period - Shot Blocked by Scott Hannan.
17:11 of 3rd period - Penalty to Andrew MacDonald is over, Andrew MacDonald is back on ice.
17:33 of 3rd period - Brad Stuart is hit by Andrew MacDonald and loses puck.
17:50 of 3rd period - Wrist shot by Alexander Semin.
17:50 of 3rd period - Shot Misses the Net.
17:52 of 3rd period - Slapshot by Brayden McNabb.
17:52 of 3rd period - Deflect By Claude Giroux.
17:52 of 3rd period - Stopped by Semyon Varlamov without a rebound.
17:53 of 3rd period - David Desharnais wins face-off versus Daniel Briere in Avalanche zone.
17:54 of 3rd period - Slapshot by Alexander Semin.
17:54 of 3rd period - Shot Blocked by Daniel Briere.
18:02 of 3rd period - Backhand shot by Alexander Semin.
18:02 of 3rd period - Shot Misses the Net.
18:04 of 3rd period - Slapshot by David Schlemko.
18:04 of 3rd period - Deflect By Andrew Ladd.
18:04 of 3rd period - Shot Misses the Net.
18:04 of 3rd period - Puck is out of play.
18:05 of 3rd period - Daniel Briere wins face-off versus David Desharnais in Avalanche zone.
18:05 of 3rd period - Daniel Briere is hit by Andrew Ladd.
18:58 of 3rd period - Mikkel Boedker is hit by Ryan McDonagh and loses puck.
19:15 of 3rd period - Slapshot by Ryan McDonagh.
19:15 of 3rd period - Shot Blocked by Brayden McNabb.
19:17 of 3rd period - Snap shot by Braydon Coburn.
19:17 of 3rd period - Stopped by Roberto Luongo with a rebound.
19:19 of 3rd period - Slapshot by Ryan McDonagh.
19:19 of 3rd period - Shot Misses the Net.
19:21 of 3rd period - Snap shot by Braydon Coburn.
19:21 of 3rd period - Stopped by Roberto Luongo without a rebound.
19:22 of 3rd period - Lars Eller wins face-off versus Vladimir Sobotka in Oilers zone.
19:25 of 3rd period - Slapshot by Joffrey Lupul.
19:25 of 3rd period - Stopped by Roberto Luongo with a rebound.
19:37 of 3rd period - Brad Stuart is hit by Vladimir Sobotka and loses puck.
19:52 of 3rd period - Slapshot by Vladimir Sobotka.
19:52 of 3rd period - Stopped by Semyon Varlamov without a rebound.
19:53 of 3rd period - David Desharnais wins face-off versus Troy Brouwer in Avalanche zone.
Goals for this period are 2 for Oilers vs 1 for Avalanche.
Shots for this period are 8 for Oilers vs 16 for Avalanche.


Output by the SimonT Hockey Simulator (STHS) for Eric Dolegowski -- Original Page W3C XHTML 1.0 Valid
Hockey Simulator - Hockey Simulation - Hockey Manager